Unix NetHack Version 3.7.0-101 Work-in-progress - last build Mar 4 2024 02:26:32 (3c4ac04b664b9ee0831c739617f054b5b60dbfd1,branch:master). Game began 2024-03-23 21:53:46, ended 2024-03-23 22:03:42. Dewzmint, lawful male human Priest - 0 % - --- | % ----- |%| -- | ---)| --- |`..| |)@G| |<.0| ---- Dewzmint the Acolyte St:12 Dx:13 Co:13 In:11 Wi:18 Ch:9 Lawful S:492 Dlvl:3 $:16 HP:0(31) Pw:47(51) AC:7 Xp:4/94 T:1036 Latest messages: You avoid harm. You miss the grid bug. The grid bug bites! You avoid harm. You kill the grid bug! You descend the stairs. The gnome lord thrusts one of his daggers. The gnome lord hits! You climb up the stairs. #rest: unknown extended command. The gecko misses! You kill the gecko! You see here an orange gem. You see here an orange gem. You hear bubbling water. You are in full health. The large kobold hits! You hit the large kobold. The large kobold hits! You kill the large kobold! There is a doorway here. You see here a large kobold corpse. You descend the stairs. You hit the gnome lord! You hit the gnome lord! The gnome lord thrusts one of his daggers. The gnome lord hits! You kill the gnome lord! Welcome to experience level 4. There are several objects here. The gnome hits! You miss the gnome. You hit the gnome. The gnome hits! You kill the gnome! You are hit by an arrow. You sense the presence of monsters. (For instructions type a '?') Done. You are hit by an arrow! You hear the howling of the CwnAnnwn... You hit the gnome! The gnome swings his bow. The gnome hits! You die... Do you want your possessions identified? [ynq] (y) y Do you want to see your attributes? [ynq] (y) y Do you want an account of creatures vanquished? [ynaq] (y) y Do you want to see your conduct and achievements? [ynq] (y) y Do you want to see the dungeon overview? [ynq] (y) y Inventory: Coins $ - 16 gold pieces Weapons o - a +0 dagger a - a blessed +1 mace (weapon in right hand) Armor C - a +0 pair of gauntlets of power c - a +0 small shield (being worn) b - a +0 robe (being worn) Comestibles z - 2 durians v - 2 apples e - a clove of garlic y - 2 cram rations l - a food ration f - a sprig of wolfsbane u - a tripe ration Scrolls x - a scroll of create monster Spellbooks h - a spellbook of create monster g - a spellbook of detect monsters p - a spellbook of extra healing Potions t - a potion of booze k - a blessed potion of extra healing A - a potion of healing j - a potion of oil n - a blessed potion of paralysis s - a potion of restore ability r - a cursed potion of see invisible q - a potion of sleeping d - 4 potions of holy water Rings m - a +1 ring of increase damage w - a ring of teleportation Wands B - a wand of magic missile named magic missile (0:5) Tools i - a magic marker (0:21) Dewzmint the Priest's attributes: Background: You were an Acolyte, a level 4 human Priest. You were lawful, nominally on a mission for Anu who was opposed by Ishtar (neutral) and Anshar (chaotic). You were right-handed. You were in the Gnomish Mines, on level 3. You entered the dungeon 1036 turns ago. It was nighttime. You had 94 experience points, 66 more were needed to attain level 5. Your score was 492 before end-of-game adjustments. Basics: You had 0 out of 31 hit points. You had 47 out of 51 energy points (spell power). Your armor class was 7. Your wallet contained 16 zorkmids. Autopickup was off. Final Characteristics: Your strength was 12 (limit:18/100). Your dexterity was 13 (limit:18). Your constitution was 13 (limit:18). Your intelligence was 11 (limit:18). Your wisdom was 18 (limit:18). Your charisma was 9 (limit:18). Final Status: You weren't hungry. You were unencumbered. You were wielding a mace. You had basic skill with mace. Final Attributes: You were devoutly aligned. You were guarded. You are dead. Miscellaneous: You never encountered a bones level. Total elapsed playing time was 9 minutes and 55 seconds. Major events: Turn 1: Dewzmint the lawful human Priest entered the dungeon 713: entered the Gnomish Mines 723: attained the rank of Acolyte (level 3) 1036: killed by a gnome Vanquished creatures: a gnome leader a large kobold a giant rat 6 gnomes a gnome zombie 2 geckos 3 jackals a goblin 3 sewer rats 4 grid bugs 4 lichens 4 newts 31 creatures vanquished. No species were genocided or became extinct. Voluntary challenges: You followed a strict vegan diet. You were an atheist. You read items or engraved 1 time. You engraved Elbereth 1 time. You never had a pet. You never genocided any monsters. You never polymorphed an object. You never changed form. You used no wishes. Achievements: You entered the Gnomish Mines. You attained the rank of Acolyte. The Dungeons of Doom: levels 1 to 2 Level 1: Some fountains. Level 2: An altar, a fountain, a tree. Stairs down to The Gnomish Mines. The Gnomish Mines: Level 3: <- You were here. Final resting place for you, killed by a gnome. Game over: ---------- / \ / REST \ / IN \ / PEACE \ / \ | Dewzmint | | 16 Au | | killed by a | | gnome | | | | | | 2024 | *| * * * | * _________)/\\_//(\/(/\)/\//\/|_)_______ Goodbye Dewzmint the Priest... You died in The Gnomish Mines on dungeon level 3 with 491 points, and 16 pieces of gold, after 1036 moves. You were level 4 with a maximum of 31 hit points when you died.